 Dungeon Crawl Stone Soup version 0.29-a0-892-g2c4c91d9db (webtiles) character file.

Game seed: 6917745544213414703

957 sanka the Conjurer (level 8, -1/58 HPs)
             Began as a Gnoll Conjurer on July 22, 2022.
             Slain by a hound (3 damage)
             ... on level 5 of the Dungeon.
             The game lasted 00:09:31 (5473 turns).

sanka the Conjurer (Gnoll Conjurer)                 Turns: 5473, Time: 00:09:33

Health: -1/58      AC:  2    Str: 13    XL:     8   Next: 14%
Magic:  7/16       EV: 13    Int: 20    God:
Gold:   146        SH:  0    Dex: 10    Spells: 15/18 levels left

rFire   . . .      SeeInvis .   a - +0 morningstar
rCold   . . .      Faith    .   (no shield)
rNeg    . . .      Spirit   .   y - +0 robe
rPois   .          Reflect  .   (no helmet)
rElec   .          Harm     .   (no cloak)
rCorr   .          Rampage  .   (no gloves)
Will    +....                   (no boots)
Stlth   +++.......              (no amulet)
HPRegen 0.19/turn               s - +6 ring of strength
MPRegen 0.15/turn               p - ring of willpower

@: no status effects
A: fangs 1, strong nose, distributed training
a: no special abilities


You were on level 5 of the Dungeon.
You visited 1 branch of the dungeon, and saw 5 of its levels.

You collected 146 gold pieces.


Innate Abilities, Weirdness & Mutations

You have very sharp teeth.
Your uncanny sense of smell can sniff out nearby items.
Your experience applies equally to all skills.


   Skills:
 + Level 3.1 Fighting
 + Level 3.1 Short Blades
 + Level 3.1 Long Blades
 + Level 3.1 Axes
 + Level 3.1 Maces & Flails
 + Level 3.1 Polearms
 + Level 3.1 Staves
 + Level 3.1 Ranged Weapons
 + Level 3.1 Throwing
 + Level 3.1 Armour
 + Level 5.6 Dodging
 + Level 5.2 Stealth
 + Level 3.1 Shields
 + Level 3.1 Unarmed Combat
 + Level 5.9 Spellcasting
 + Level 7.6 Conjurations
 + Level 2.5 Hexes
 + Level 2.5 Summonings
 + Level 2.5 Necromancy
 + Level 2.5 Translocations
 + Level 2.5 Transmutations
 + Level 2.5 Fire Magic
 + Level 2.5 Ice Magic
 + Level 2.5 Air Magic
 + Level 2.5 Earth Magic
 + Level 2.5 Poison Magic
 + Level 3.4 Invocations
 + Level 3.1 Evocations


You had 15 spell levels left.
You knew the following spells:

 Your Spells              Type           Power      Damage    Failure   Level
x - Searing Ray           Conj           72%        2d7       1%          2
z - Magic Dart            Conj           100%       1d8       1%          1

Your spell library contained the following spells:

 Spells                   Type           Power      Damage    Failure   Level
 Dazzling Flash           Conj/Hex       52%        N/A       4%          3
 Fulminant Prism          Conj/Hex       13%        3d9       13%         4
 Iskenderun's Mystic Bla  Conj/Tloc      26%        2d7       13%         4

Inventory:

Hand Weapons
 a - a +0 morningstar (weapon)
 g - a +0 trident
 z - a +0 dagger
Missiles
 n - 8 poisoned darts
Armour
 u - a +0 helmet
 y - a +0 robe (worn)
Magical Staves
 x - a staff of fire
Jewellery
 p - a ring of willpower (right hand)
 s - a +6 ring of strength (left hand)
Scrolls
 d - a scroll of noise {unknown}
 e - a scroll of butterflies {unknown}
 f - 3 scrolls of identify {unknown}
 h - 2 scrolls of immolation {unknown}
 o - a scroll of enchant armour {unknown}
 q - 2 scrolls of amnesia {unknown}
 A - a scroll of fear {unknown}
Potions
 b - a potion of magic
 c - a potion of lignification {unknown}
 i - 2 potions of attraction {unknown}
 j - 2 potions of heal wounds {unknown}
 k - 2 potions of ambrosia {unknown}
 l - 2 potions of degeneration {unknown}
 m - a potion of berserk rage {unknown}
 r - 2 potions of resistance {unknown}
 t - a potion of invisibility {unknown}
 v - a potion of flight {unknown}
 w - a potion of haste {@q3}

Dungeon Overview and Level Annotations

Branches:
Dungeon (5/15)
 Temple: D:4-7

Altars:

Shops:
D:3 = D:4

=
▒▒▒▒▒▒▒▒.▒▒▒▒▒▒▒.▒▒▒▒▒.▒
▒..▒ ∆ ▒........▒ ▒.▒▒
▒▒..▒▒▒▒.▒ ▒▒▒▒▒▒▒.▒▒
▒.......▒ .........▒
▒....▒▒..▒▒ ▒▒▒▒▒▒▒.▒▒
▒▒...▒<.... ▒.▒▒
▒.....▒.▒▒ ▒..▒
▒.....▒▒... ▒▒▒▒▒▒▒g▒▒
▒▒..▒.▒▒.▒▒ .......h▒▒
▒..▒. ▒.▒ ▒▒▒▒▒▒▒..▒
▒▒.. ▒. ▒.▒ ▒.▒▒ £▒▒ ▒▒
.▒ ▒)▒▒ ▒y ∆ ▒.l▒▒.▒
▒▒..▒.▒ ▒▒..▒ ▒▒.▒


You could see an iguana (wandering) and a hound.


Message History

Unknown command.
Unknown command.
You feel sick.
You feel sick.
You feel sick.
You are no longer poisoned.
Aiming: Searing Ray (safe; 1% risk of failure)
Aim: a hound (73% to hit)
The searing ray hits the hound!
The hound is heavily wounded. (Press . to maintain the ray.)
The searing ray hits the hound!
The hound is almost dead.
The searing ray hits something.
Something hits you!
* * * LOW HITPOINT WARNING * * *
Deactivating autopickup; reactivate with Ctrl-A.
The hound misses you. Something hits you.
* * * LOW HITPOINT WARNING * * *
The hound bites you but does no damage.
You completely miss the hound.
The hound is almost dead.
Something hits you.
* * * LOW HITPOINT WARNING * * *
The hound bites you.
* * * LOW HITPOINT WARNING * * *
An iguana comes into view.
The hound bites you.
You die...

Action                   |  1- 3 |  4- 6 |  7- 9 || total
-------------------------+-------+-------+-------++-------
Melee: Trident           |       |   290 |     9 ||   299
       Bite              |       |    78 |     1 ||    79
       Mace              |       |    10 |       ||    10
       Punch             |       |     9 |       ||     9
       Morningstar       |       |       |     4 ||     4
 Cast: Magic Dart        |    56 |    72 |    30 ||   158
       Searing Ray       |     1 |     8 |    15 ||    24
Armor: Robe              |       |     2 |     2 ||     4
Dodge: Dodged            |     8 |    23 |    29 ||    60

Levels and vault maps discovered:
D:1:      grunt_arrival_crossed_arrows, layout_rooms,
          dreamdust_mushroom_princess, minmay_misc_feat_hallway
D:2:      layout_rooms, uniq_natasha
D:3:      layout_basic, serial_forest, infiniplex_forest_clump_double,
          infiniplex_forest_lined_3, infiniplex_forest_lined_3,
          infiniplex_forest_lined_ring, infiniplex_forest_split,
          infiniplex_forest_clump_cross, infiniplex_forest_end_2,
          infiniplex_forest_end_3, infiniplex_forest_lined_2, serial_shops,
          shop, minmay_fractal_squares_diagonal_5, uniq_terence
D:4:      minmay_chambers_of_fours, layout_rooms, serial_shops, shop,
          uniq_duvessa
D:5:      layout_basic, lemuel_blue_sif_altar, minmay_temple_entry_wispy,
          enter_ossuary_5, minmay_manual_macuahuitl

Notes
Turn   | Place    | Note
-------+----------+-------------------------------------------
     0 | D:1      | sanka the Gnoll Conjurer began the quest for the Orb.
     0 | D:1      | Reached XP level 1. HP: 13/13 MP: 6/6
   152 | D:1      | Reached XP level 2. HP: 17/19 MP: 2/7
   471 | D:1      | Reached skill level 5 in Spellcasting
   471 | D:1      | Reached XP level 3. HP: 25/25 MP: 6/9
   572 | D:1      | Learned a level 2 spell: Searing Ray
   858 | D:2      | Reached skill level 1 in Invocations
  1153 | D:2      | Noticed Natasha
  1163 | D:2      | Killed Natasha
  1164 | D:2      | Reached skill level 1 in Fighting
  1164 | D:2      | Reached skill level 1 in Short Blades
  1164 | D:2      | Reached skill level 1 in Long Blades
  1164 | D:2      | Reached skill level 1 in Axes
  1164 | D:2      | Reached skill level 1 in Maces & Flails
  1164 | D:2      | Reached skill level 1 in Polearms
  1164 | D:2      | Reached skill level 1 in Staves
  1164 | D:2      | Reached skill level 1 in Ranged Weapons
  1164 | D:2      | Reached skill level 1 in Throwing
  1164 | D:2      | Reached skill level 1 in Armour
  1164 | D:2      | Reached skill level 1 in Shields
  1164 | D:2      | Reached skill level 1 in Unarmed Combat
  1164 | D:2      | Reached skill level 1 in Evocations
  1164 | D:2      | Reached XP level 4. HP: 18/32 MP: 6/11
  1307 | D:2      | Noticed Natasha
  1312 | D:2      | Killed Natasha
  1313 | D:2      | Reached skill level 1 in Hexes
  1313 | D:2      | Reached skill level 1 in Summonings
  1313 | D:2      | Reached skill level 1 in Necromancy
  1313 | D:2      | Reached skill level 1 in Translocations
  1313 | D:2      | Reached skill level 1 in Transmutations
  1313 | D:2      | Reached skill level 1 in Fire Magic
  1313 | D:2      | Reached skill level 1 in Ice Magic
  1313 | D:2      | Reached skill level 1 in Air Magic
  1313 | D:2      | Reached skill level 1 in Earth Magic
  1313 | D:2      | Reached skill level 1 in Poison Magic
  1522 | D:2      | Noticed Natasha
  1526 | D:2      | Killed Natasha
  1527 | D:2      | Reached XP level 5. HP: 27/37 MP: 7/12
  1873 | D:3      | Noticed Terence
  1878 | D:3      | Killed Terence
  1930 | D:3      | Noticed an ogre
  1936 | D:3      | Killed an ogre
  1937 | D:3      | Reached skill level 2 in Invocations
  1937 | D:3      | Reached XP level 6. HP: 44/44 MP: 5/14
  1938 | D:3      | Reached skill level 5 in Dodging
  1971 | D:3      | Reached skill level 2 in Fighting
  1971 | D:3      | Reached skill level 2 in Short Blades
  1971 | D:3      | Reached skill level 2 in Long Blades
  1971 | D:3      | Reached skill level 2 in Axes
  1971 | D:3      | Reached skill level 2 in Maces & Flails
  1971 | D:3      | Reached skill level 2 in Polearms
  1971 | D:3      | Reached skill level 2 in Staves
  1971 | D:3      | Reached skill level 2 in Ranged Weapons
  1971 | D:3      | Reached skill level 2 in Throwing
  1971 | D:3      | Reached skill level 2 in Armour
  1971 | D:3      | Reached skill level 2 in Shields
  1971 | D:3      | Reached skill level 2 in Unarmed Combat
  1971 | D:3      | Reached skill level 2 in Evocations
  2429 | D:3      | Found Cein's Jewellery Shop.
  3889 | D:4      | Noticed Duvessa
  3890 | D:4      | Noticed Dowan
  4231 | D:4      | Killed Duvessa
  4232 | D:4      | Reached XP level 7. HP: 28/51 MP: 5/15
  4372 | D:4      | Killed Dowan
  4373 | D:4      | Reached skill level 2 in Hexes
  4373 | D:4      | Reached skill level 2 in Summonings
  4373 | D:4      | Reached skill level 2 in Necromancy
  4373 | D:4      | Reached skill level 2 in Translocations
  4373 | D:4      | Reached skill level 2 in Transmutations
  4373 | D:4      | Reached skill level 2 in Fire Magic
  4373 | D:4      | Reached skill level 2 in Ice Magic
  4373 | D:4      | Reached skill level 2 in Air Magic
  4373 | D:4      | Reached skill level 2 in Earth Magic
  4373 | D:4      | Reached skill level 2 in Poison Magic
  4553 | D:4      | Found Poppuleu's Jewellery Boutique.
  4587 | D:4      | Reached skill level 5 in Stealth
  4609 | D:4      | Reached skill level 3 in Invocations
  5204 | D:5      | Entered Level 5 of the Dungeon
  5220 | D:5      | Reached skill level 3 in Fighting
  5220 | D:5      | Reached skill level 3 in Short Blades
  5220 | D:5      | Reached skill level 3 in Long Blades
  5220 | D:5      | Reached skill level 3 in Axes
  5220 | D:5      | Reached skill level 3 in Maces & Flails
  5220 | D:5      | Reached skill level 3 in Polearms
  5220 | D:5      | Reached skill level 3 in Staves
  5220 | D:5      | Reached skill level 3 in Ranged Weapons
  5220 | D:5      | Reached skill level 3 in Throwing
  5220 | D:5      | Reached skill level 3 in Armour
  5220 | D:5      | Reached skill level 3 in Shields
  5220 | D:5      | Reached skill level 3 in Unarmed Combat
  5220 | D:5      | Reached skill level 3 in Evocations
  5220 | D:5      | Reached XP level 8. HP: 21/58 MP: 1/16
  5473 | D:5      | HP: 2/58 [hound (4)]
  5473 | D:5      | Slain by a hound

Vanquished Creatures
  Duvessa (D:4)
  An ice beast (D:5)
  3 ogres
  A phantom (D:4)
  Dowan (D:4)
  A killer bee (D:5)
  Natasha (thrice) (D:2)
  Terence (D:3)
  An iguana (D:4)
  An orc wizard (D:5)
  8 adders
  2 shadow imps (D:5)
  A worm (D:3)
  2 dart slugs
  11 orcs
  7 bats
  10 endoplasms
  3 giant cockroaches
  3 goblins
  6 hobgoblins
  9 kobolds
  5 quokkas
  8 ball pythons
  5 frilled lizards
  4 rats
  3 bushes (D:3)
101 creatures vanquished.

Vanquished Creatures (others)
  4 fungi (D:1)
  15 plants (D:3)
19 creatures vanquished.

Grand Total: 120 creatures vanquished
